AoeStats
← Groose's Pompadour

Nomad

506702659Analyzed
4v4 RM · 19d ago on Sep 14, 2026· 47m 4s· 8 players
Game mode
Random Map
Map size
231×231
Population
200
Speed
Normal
Resources
Standard
Victory
Conquest
Starting age
Dark Age
Ending age
Imperial Age
RankedLock teamsTeams togetherTeam positionsShared explorationLock speedFull tech treeHidden civsTurbo modeCheats
Victory
Defeat
🇩🇪 Berbers · Germany
1185
+14
🇨🇱 Bohemians · Chile
1154
+15
🇹🇷 Persians · Türkiye
1128
+17
🇩🇪 Turks · Germany
1049
+20
🇳🇴 Vikings · Norway
1207
-19
🇳🇴 Magyars · Norway
1119
-16
🇳🇴 Celts · Norway
1117
-16
🇳🇴 Aztecs · Norway
1115
-15
özgür
4:54 Loom
14:54 Feudal Age
22:56 Castle Age
23:32 Medium Warships
29:02 Bloodlines
34:51 Forging
34:47 Scale Barding Armor
42:16 Imperial Age
42:07 Husbandry
42:03 Cavalier
44:31 Iron Casting
cmd 3.0
4:57 Loom
13:53 Feudal Age
14:57 Double-Bit Axe
18:18 Fishing Lines
22:20 Castle Age
24:20 Bow Saw
27:13 Scale Barding Armor
27:33 Gillnets
27:59 Bloodlines
28:38 Husbandry
28:33 Gold Mining
29:59 Chain Barding Armor
32:00 Forging
33:02 Wheelbarrow
35:57 Imperial Age
36:09 Wheelbarrow
35:20 Town Watch
35:30 Stone Mining
36:15 Gold Shaft Mining
35:25 Light Cavalry
36:48 Iron Casting
37:55 Chemistry
36:32 Cavalier
39:58 Stone Shaft Mining
40:23 Plate Barding Armor
41:28 Blast Furnace
46:40 Hand Cart
46:25 Town Patrol
47:08 Conscription
46:50 Kasbah
Tesorito
7:19 Loom
15:35 Feudal Age
20:26 Castle Age
18:31 Double-Bit Axe
20:30 Wheelbarrow
19:41 Town Watch
20:28 Fishing Lines
22:12 Bow Saw
26:19 Gillnets
28:01 Chemistry
27:21 Ballistics
33:34 Imperial Age
32:07 Padded Archer Armor
31:58 Fletching
32:29 Town Patrol
35:23 Forging
35:32 Leather Archer Armor
36:06 Ballistics
35:37 Pikeman
36:18 Squires
36:03 Arson
36:22 Bodkin Arrow
37:44 Ring Archer Armor
39:40 Bracer
42:54 Scale Mail Armor
44:10 Wagenburg Tactics
44:36 Houfnice
inventatealgo
15:05 Feudal Age
13:39 Loom
15:28 Feudal Age
23:14 Castle Age
24:28 Fletching
24:33 Double-Bit Axe
37:36 Horse Collar
38:08 Bow Saw
47:57 Imperial Age
47:09 Wheelbarrow
Asmami
5:01 Loom
14:18 Feudal Age
18:07 Castle Age
16:25 Horse Collar
18:07 Forging
18:01 Double-Bit Axe
20:09 Heavy Plow
20:39 Bow Saw
21:22 Scale Mail Armor
23:34 Arson
34:13 Pikeman
39:03 Murder Holes
49:23 Imperial Age
47:33 Wheelbarrow
47:24 Fletching
Joser
4:52 Loom
13:54 Feudal Age
19:14 Castle Age
17:43 Double-Bit Axe
18:28 Fletching
18:38 Gold Mining
20:46 Wheelbarrow
21:25 Wheelbarrow
28:16 Eagle Warrior
30:27 Forging
30:18 Scale Mail Armor
34:24 Squires
34:10 Gambesons
34:13 Arson
35:07 Iron Casting
34:48 Chain Mail Armor
34:30 Bodkin Arrow
35:19 Pikeman
35:20 Man-at-Arms
40:51 Imperial Age
38:43 Hand Cart
42:11 Elite Eagle Warrior
44:29 Plate Mail Armor
46:02 Blast Furnace
SirAndas
3:47 Loom
14:14 Feudal Age
18:49 Double-Bit Axe
25:55 Castle Age
23:56 Fletching
24:55 Padded Archer Armor
26:10 Crossbowman
26:48 Bodkin Arrow
26:44 Gambesons
27:01 Squires
33:48 Scale Mail Armor
34:05 Leather Archer Armor
34:05 Horse Collar
37:00 Bow Saw
44:25 Imperial Age
45:25 Bracer
Groose's Pompadour
6:50 Loom
12:33 Feudal Age
13:42 Double-Bit Axe
16:20 Horse Collar
17:31 Bloodlines
24:55 Castle Age
22:58 Fletching
24:31 Stone Mining
28:19 Scale Barding Armor
28:09 Crossbowman
28:46 Bodkin Arrow
29:24 Thumb Ring
31:11 Gold Mining
31:33 Bow Saw
31:26 Heavy Plow
32:53 Ballistics
32:41 Husbandry
32:46 Padded Archer Armor
36:18 Wheelbarrow
36:12 Town Watch
40:59 Imperial Age
38:52 Pikeman
41:08 Arbalester
41:50 Bracer
46:09 Parthian Tactics
Connection lost

Rejoining the realm…

Still unreachable

The connection could not be restored.

Session expired

The server has moved on; the page needs a fresh start.